 Dungeon Crawl Stone Soup version 0.18.1-50-g88ac8fd (webtiles) character file.

101 Gargoyl the Skirmisher (level 4, -2/37 HPs)
             Began as a Demonspawn Abyssal Knight on Sept 22, 2016.
             Was a Believer of Lugonu.
             Slain by a centaur (6 damage)
             ... on level 3 of the Dungeon.
             The game lasted 00:04:00 (2767 turns).

Gargoyl the Skirmisher (Demonspawn Abyssal Knight)  Turns: 2767, Time: 00:04:00

Health: -2/37      AC:  9    Str: 13    XL:     4   Next: 48%
Magic:  6/6        EV:  6    Int: 13    God:    Lugonu [**....]
Gold:   122        SH:  0    Dex: 13    Spells: 0 memorised, 3 levels left

rFire  + . .     SeeInvis .     a - +1 hand axe
rCold  . . .     Gourm    .     o - +0 chain mail
rNeg   . . .     Faith    +     (no shield)
rPois  .         Spirit   .     (no helmet)
rElec  .         Dismiss  .     (no cloak)
rCorr  .         Reflect  .     (no gloves)
SustAt .         Harm     .     (no boots)
MR     .....                    q - amulet of faith
Stlth  ..........               (no ring)
                                (no ring)

@: not resistant to hostile enchantments, extremely unstealthy
A: fire resistance 1
a: Depart the Abyss, Bend Space, Renounce Religion


You were on level 3 of the Dungeon.
You worshipped Lugonu.
Lugonu was pleased with you.
You were not hungry.

You visited 1 branch of the dungeon, and saw 3 of its levels.
You visited the Abyss 1 time.

You collected 122 gold pieces.

Inventory:

Hand Weapons
 a - a +1 hand axe (weapon)
Armour
 o - a +0 chain mail (worn)
Jewellery
 q - an amulet of faith (around neck)
Wands
 e - a wand of paralysis (24/24)
Scrolls
 f - 3 scrolls of teleportation
 g - 2 scrolls of recharging
 j - a scroll of amnesia
 l - a scroll of remove curse
Potions
 b - 2 potions of mutation {unknown}
 d - a potion of cure mutation {unknown}
 k - a potion of flight {unknown}
 m - a potion of berserk rage {unknown}
 n - a potion of heal wounds {unknown}
Comestibles
 c - 3 bread rations
 i - a beef jerky


   Skills:
 + Level 3.7 Fighting
 + Level 2.1 Axes
 * Level 3.0 Armour
 + Level 1.1 Dodging
 * Level 3.5 Invocations


You had 3 spell levels left.
You didn't know any spells.

Dungeon Overview and Level Annotations

Branches:
Dungeon (3/15)

Altars:
Pakellas
Sif Muna


Innate Abilities, Weirdness & Mutations

Your flesh is heat resistant.


Message History

It stops flaming.
The centaur hits you.
You hit the centaur.
The centaur is lightly wounded.
The centaur barely misses you. The centaur hits you.
Your chain mail prevents you from hitting the centaur.
The centaur is lightly wounded.
The centaur hits you!
* * * LOW HITPOINT WARNING * * *
You barely miss the centaur.
The centaur is lightly wounded.
The centaur hits you.
* * * LOW HITPOINT WARNING * * *
The centaur hits you but does no damage.
You barely miss the centaur.
The centaur is lightly wounded.
The centaur hits you but does no damage. x2
You hit the centaur.
The centaur is moderately wounded.
The centaur hits you.
You die...

##### .# #.# ####.# #.#
#....# #.#### #....
#....# ...## ##.##.#
#.#.##
##...#.########....####.
.......>......[((.....'.
##...#..#######.@..####.
##..#..# #.#c## ##.#..#
#...... #.#..# #...#.###
#....# #...... ###.##
#....... #.# ##...#.##
## #.# ### .#
.#####.#######


You could see a centaur.

Vanquished Creatures
  5 adders
  A giant gecko (D:2)
  An orc (D:3)
  2 ball pythons
  7 bats
  4 giant cockroaches
  5 hobgoblins
  4 jackals (D:3)
  2 quokkas (D:2)
  2 giant newts (D:1)
  6 goblins
  7 kobolds
  6 rats
52 creatures vanquished.

Vanquished Creatures (others)
  A rakshasa (D:3)
1 creature vanquished.

Grand Total: 53 creatures vanquished

Notes
Turn   | Place    | Note
--------------------------------------------------------------
     0 | Abyss:1  | Gargoyl the Demonspawn Abyssal Knight began the quest for the Orb.
     0 | Abyss:1  | Reached XP level 1. HP: 18/18 MP: 2/2
    42 | Abyss:1  | Found a corrupted altar of Lugonu.
    62 | Abyss:2  | Noticed a chaos spawn
    78 | Abyss:2  | Noticed a hellwing
    89 | Abyss:2  | Noticed a ynoxinul
    91 | D:1      | Escaped the Abyss
   164 | D:1      | Reached * piety under Lugonu
   425 | D:1      | Gained mutation: Your flesh is heat resistant. [demonic ancestry]
   425 | D:1      | Reached XP level 2. HP: 21/24 MP: 3/3
   727 | D:1      | Reached skill level 1 in Dodging
  1404 | D:2      | Reached ** piety under Lugonu
  1404 | D:2      | Reached XP level 3. HP: 27/29 MP: 5/5
  1698 | D:2      | Found a deep blue altar of Sif Muna.
  2271 | D:2      | Reached XP level 4. HP: 34/36 MP: 6/6
  2698 | D:3      | Found an oddly glowing altar of Pakellas.
  2699 | D:3      | Noticed a rakshasa
  2741 | D:3      | Killed a rakshasa
  2759 | D:3      | Noticed a centaur
  2767 | D:3      | Slain by a centaur

Skill      XL: |  1  2  3  4 |
---------------+-------------+-----
Armour         | 2 3 |  3.0
Dodging        | 1 |  1.1
Invocations    | 3 |  3.5
Axes           | 2 |  2.1
Fighting       | |  3.7

Action                   |  1- 3 |  4- 6 || total
-------------------------+-------+-------++-------
Melee: Hand axe          |   139 |    45 ||   184
Invok: Depart the Abyss  |     1 |       ||     1
  Use: Scroll            |     2 |     3 ||     5
  Eat: Chunk             |     4 |     2 ||     6
Armor: Ring mail         |    14 |       ||    14
       Scale mail        |    44 |       ||    44
       Chain mail        |    27 |    39 ||    66
Dodge: Dodged            |    89 |    18 ||   107
